MID
HICKORY CRAWDADS @ BELOIT SNAPPERS
08/17/2047
 
TOP OF THE 1ST
Hickory Crawdads batting - Pitching for Beloit Snappers : LHP Kalaida Steedman
Pitching: LHP Kalaida Steedman
Batting: RHB Nate Taylor 0-0: Called Strike
0-1: Ball
1-1: SOLO HOME RUN (Flyball, 9D, EV 93.1 MPH), Distance : 352 ft
Batting: RHB Matt Sanders 0-0: Ground out 6-3 (Groundball, 56, EV 78.1 MPH)
Batting: RHB Jorge Benites 0-0: Ground out 5-3 (Groundball, 56S, EV 86.9 MPH)
Batting: RHB Aaron Ware 0-0: Called Strike
0-1: Foul Ball, location: 2F
0-2: Ball
1-2: Strikes out swinging
Top of the 1st over - 1 run, 1 hit, 0 errors, 0 left on base; Hickory 1 - Beloit 0
BOTTOM OF THE 1ST
Beloit Snappers batting - Pitching for Hickory Crawdads : RHP Jarred Young
Pitching: RHP Jarred Young
Batting: RHB Moses Brokken 0-0: SINGLE (Flyball, 7, EV 80.0 MPH)
Batting: SHB Ivan Barry 0-0: Foul Ball, location: 2F
0-1: Ball
1-1: Called Strike
1-2: Strikes out swinging
Batting: LHB Jeremy Brammer 0-0: Ball
1-0: Ball
2-0: Ball
3-0: Called Strike
3-1: Base on Balls
Moses Brokken to second
Batting: RHB Shannon Beck 0-0: Called Strike
0-1: Ball
1-1: Called Strike
1-2: SINGLE (Groundball, 56D, EV 96.2 MPH)
Moses Brokken to third
Jeremy Brammer to second
Runner from 3rd tries for Home, SAFE, throw by LF to home
Batting: RHB Roger Simmons 0-0: Ball
1-0: Ball
2-0: Ball
3-0: Base on Balls
Jeremy Brammer to third
Shannon Beck to second
Batting: RHB Travis Robinson 0-0: Ball
1-0: Fielders Choice at 2nd, 5-4 (Groundball, 5, EV 83.1 MPH)
Jeremy Brammer scores
Shannon Beck to third
Batting: RHB Manny Moron 0-0: Ball
1-0: Called Strike
1-1: SINGLE (Flyball, 6D, EV 96.2 MPH)
Shannon Beck scores
Travis Robinson to second
Batting: SHB Eric Tiehen 0-0: Ball
1-0: Ball
2-0: Called Strike
2-1: SINGLE (Line Drive, 4MD, EV 95.0 MPH)
Travis Robinson to third
Manny Moron to second
Runner from 3rd tries for Home, throw by CF and OUT! 8-2
Bottom of the 1st over - 3 runs, 4 hits, 0 errors, 2 left on base; Hickory 1 - Beloit 3
TOP OF THE 2ND
Hickory Crawdads batting - Pitching for Beloit Snappers : LHP Kalaida Steedman
Batting: RHB Dale Aubrey 0-0: SINGLE (Line Drive, 6MD, EV 98.8 MPH)
Batting: LHB Justin Barker 0-0: Called Strike
Dale Aubrey is caught stealing 2nd base 2-6
0-1: Fly out, F2 (Popup, 25F, EV 85.0 MPH)
Batting: RHB Isaiah Yarbrough 0-0: Called Strike
0-1: Called Strike
0-2: Foul Ball, location: 2F
0-2: Ball
1-2: Ball
2-2: Foul Ball, location: 2F
2-2: Strikes out looking
Top of the 2nd over - 0 runs, 1 hit, 0 errors, 0 left on base; Hickory 1 - Beloit 3
BOTTOM OF THE 2ND
Beloit Snappers batting - Pitching for Hickory Crawdads : RHP Jarred Young
Batting: RHB Josh Mauer 0-0: Ball
1-0: Ball
2-0: Ball
3-0: Base on Balls
Batting: RHB Moses Brokken 0-0: Ball
1-0: Ball
2-0: Swinging Strike
2-1: Grounds into double play, 6-4-3 (Groundball, 56, EV 83.8 MPH)
Batting: SHB Ivan Barry 0-0: Called Strike
0-1: Foul Ball, location: 2F
0-2: Foul Ball, location: 2F
0-2: Strikes out looking
Bottom of the 2nd over - 0 runs, 0 hits, 0 errors, 0 left on base; Hickory 1 - Beloit 3
TOP OF THE 3RD
Hickory Crawdads batting - Pitching for Beloit Snappers : LHP Kalaida Steedman
Batting: LHB Tim Olsen 0-0: Swinging Strike
0-1: Swinging Strike
0-2: Strikes out looking
Batting: RHB Gavin Fimple 0-0: Ball
1-0: Called Strike
1-1: Foul Ball, location: 2F
1-2: SINGLE (Line Drive, 56D, EV 97.5 MPH)
Batting: RHB Nate Taylor 0-0: Called Strike
0-1: Called Strike
0-2: 2-RUN HOME RUN (Flyball, 7D, EV 98.1 MPH), Distance : 361 ft
Batting: RHB Matt Sanders 0-0: Called Strike
0-1: Ball
1-1: Ball
2-1: Ball
3-1: Base on Balls
Batting: RHB Jorge Benites 0-0: Ball
1-0: Fly out, F4 (Popup, 4S, EV 85.0 MPH)
Batting: RHB Aaron Ware 0-0: Ball
1-0: Called Strike
1-1: Called Strike
1-2: Ball
2-2: Ball
3-2: Strikes out looking
Top of the 3rd over - 2 runs, 2 hits, 0 errors, 1 left on base; Hickory 3 - Beloit 3
BOTTOM OF THE 3RD
Beloit Snappers batting - Pitching for Hickory Crawdads : RHP Jarred Young
Batting: LHB Jeremy Brammer 0-0: Ball
1-0: Ball
2-0: Called Strike
2-1: SINGLE (Groundball, 4, EV 96.2 MPH)
Batting: RHB Shannon Beck 0-0: Fielders Choice at 2nd, 5-4 (Groundball, 56, EV 100.6 MPH)
Batting: RHB Roger Simmons 0-0: Ball
1-0: Called Strike
1-1: Ball
2-1: Foul Ball, location: 2F
2-2: Ball
3-2: Grounds into double play, 6-4-3 (Groundball, 6, EV 86.9 MPH)
Bottom of the 3rd over - 0 runs, 1 hit, 0 errors, 0 left on base; Hickory 3 - Beloit 3
TOP OF THE 4TH
Hickory Crawdads batting - Pitching for Beloit Snappers : LHP Kalaida Steedman
Batting: RHB Dale Aubrey 0-0: Swinging Strike
0-1: Ball
1-1: Ground out 6-3 (Groundball, 56, EV 103.1 MPH)
Batting: LHB Justin Barker 0-0: Called Strike
0-1: Ground out 1-3 (Groundball, 15, EV 70.6 MPH)
Batting: RHB Isaiah Yarbrough 0-0: Ball
1-0: Ball
2-0: Called Strike
2-1: Foul Ball, location: 2F
2-2: Foul Ball, location: 2F
2-2: Ball
3-2: Strikes out swinging
Top of the 4th over - 0 runs, 0 hits, 0 errors, 0 left on base; Hickory 3 - Beloit 3
BOTTOM OF THE 4TH
Beloit Snappers batting - Pitching for Hickory Crawdads : RHP Jarred Young
Batting: RHB Travis Robinson 0-0: Ball
1-0: Swinging Strike
1-1: Ball
2-1: Foul Ball, location: 2F
2-2: Foul Ball, location: 2F
2-2: Strikes out looking
Batting: RHB Manny Moron 0-0: Foul Ball, location: 2F
0-1: Swinging Strike
0-2: Foul Ball, location: 2F
0-2: Ball
1-2: Strikes out looking
Batting: SHB Eric Tiehen 0-0: DOUBLE (Groundball, 3L, EV 103.8 MPH)
Batting: RHB Josh Mauer 0-0: Ball
1-0: Ball
2-0: Foul Ball, location: 2F
2-1: Foul Ball, location: 2F
2-2: Foul Ball, location: 2F
2-2: Strikes out swinging
Bottom of the 4th over - 0 runs, 1 hit, 0 errors, 1 left on base; Hickory 3 - Beloit 3
TOP OF THE 5TH
Hickory Crawdads batting - Pitching for Beloit Snappers : LHP Kalaida Steedman
Batting: LHB Tim Olsen 0-0: Ball
1-0: SINGLE (Line Drive, 78S, EV 105.0 MPH)
Batting: RHB Gavin Fimple 0-0: SINGLE (Groundball, 34, EV 105.6 MPH) (infield hit)
Tim Olsen to second
Batting: RHB Nate Taylor 0-0: Ball
1-0: SINGLE (Groundball, 56D, EV 96.2 MPH)
Tim Olsen to third
Gavin Fimple to second
Batting: RHB Matt Sanders 0-0: Ball
1-0: Called Strike
1-1: Ball
2-1: Ball
3-1: Swinging Strike
3-2: Strikes out swinging
Batting: RHB Jorge Benites 0-0: Ball
1-0: Ball
2-0: Foul Ball, location: 2F
2-1: Foul Ball, location: 2F
2-2: Strikes out swinging
Batting: RHB Aaron Ware 0-0: Ball
1-0: Ball
2-0: Foul Ball, location: 2F
2-1: Foul Ball, location: 2F
2-2: Foul Ball, location: 2F
2-2: Strikes out swinging
Top of the 5th over - 0 runs, 3 hits, 0 errors, 3 left on base; Hickory 3 - Beloit 3
BOTTOM OF THE 5TH
Beloit Snappers batting - Pitching for Hickory Crawdads : RHP Jarred Young
Batting: RHB Moses Brokken 0-0: Ball
1-0: Fly out, F7 (Flyball, 7D, EV 93.8 MPH)
Batting: SHB Ivan Barry 0-0: SINGLE (Groundball, 6MD, EV 98.8 MPH)
Batting: LHB Jeremy Brammer 0-0: Ball
1-0: Grounds into double play, 6-4-3 (Groundball, 6, EV 101.9 MPH)
Bottom of the 5th over - 0 runs, 1 hit, 0 errors, 0 left on base; Hickory 3 - Beloit 3
TOP OF THE 6TH
Hickory Crawdads batting - Pitching for Beloit Snappers : LHP Kalaida Steedman
Batting: RHB Dale Aubrey 0-0: Ball
1-0: Ball
2-0: Called Strike
2-1: Foul Ball, location: 2F
2-2: Ball
3-2: Strikes out looking
Batting: LHB Justin Barker 0-0: Ground out 3-1 (Groundball, 34, EV 75.6 MPH)
Batting: RHB Isaiah Yarbrough 0-0: Ball
1-0: Called Strike
1-1: Ground out 6-3 (Groundball, 6M, EV 105.0 MPH)
Top of the 6th over - 0 runs, 0 hits, 0 errors, 0 left on base; Hickory 3 - Beloit 3
BOTTOM OF THE 6TH
Beloit Snappers batting - Pitching for Hickory Crawdads : RHP Jarred Young
Batting: RHB Shannon Beck 0-0: SOLO HOME RUN (Flyball, 78XD, EV 101.2 MPH), Distance : 401 ft
Batting: RHB Roger Simmons 0-0: Called Strike
0-1: Ball
1-1: Swinging Strike
1-2: Strikes out looking
Batting: RHB Travis Robinson 0-0: Ball
1-0: Called Strike
1-1: SINGLE (Groundball, 6D, EV 97.5 MPH)
Batting: RHB Manny Moron 0-0: DOUBLE (Flyball, 89D, EV 107.5 MPH)
Travis Robinson to third
Batting: SHB Eric Tiehen 0-0: Ball
1-0: Ground out 4-3 (Groundball, 34, EV 102.5 MPH)
Batting: RHB Josh Mauer 0-0: Swinging Strike
0-1: Called Strike
0-2: Ball
Wild Pitch!
Travis Robinson scores
Manny Moron to third
1-2: Fly out, F9 (Flyball, 89M, EV 84.4 MPH)
Bottom of the 6th over - 2 runs, 3 hits, 0 errors, 1 left on base; Hickory 3 - Beloit 5
TOP OF THE 7TH
Hickory Crawdads batting - Pitching for Beloit Snappers : LHP Kalaida Steedman
Batting: LHB Tim Olsen 0-0: Ground out U3 (Groundball, 3, EV 105.6 MPH)
Batting: RHB Gavin Fimple 0-0: Called Strike
0-1: Ball
1-1: Foul Ball, location: 2F
1-2: Fly out, F9 (Flyball, 89S, EV 78.8 MPH)
Batting: RHB Nate Taylor 0-0: Swinging Strike
0-1: Swinging Strike
0-2: Foul Ball, location: 2F
0-2: Ball
1-2: Strikes out looking
Top of the 7th over - 0 runs, 0 hits, 0 errors, 0 left on base; Hickory 3 - Beloit 5
BOTTOM OF THE 7TH
Beloit Snappers batting - Pitching for Hickory Crawdads : RHP Jarred Young
Pitching: RHP Taylor Drews
Batting: RHB Moses Brokken 0-0: Called Strike
0-1: Ball
1-1: Foul Ball, location: 2F
1-2: Strikes out swinging
Batting: SHB Ivan Barry 0-0: Called Strike
0-1: Swinging Strike
0-2: Ball
1-2: Ground out 6-3 (Groundball, 6, EV 95.6 MPH)
Batting: LHB Jeremy Brammer 0-0: Swinging Strike
0-1: Swinging Strike
0-2: Ball
1-2: Ball
2-2: Ball
3-2: Strikes out swinging
Bottom of the 7th over - 0 runs, 0 hits, 0 errors, 0 left on base; Hickory 3 - Beloit 5
TOP OF THE 8TH
Hickory Crawdads batting - Pitching for Beloit Snappers : LHP Kalaida Steedman
Pitching: RHP Terry Evans
Now in RF: Matt Sybrant
Batting: RHB Matt Sanders 0-0: Ground out 4-3 (Groundball, 4, EV 76.2 MPH)
Pinch Hitting: LHB Alfonso Collazo 0-0: Ball
1-0: Swinging Strike
1-1: Called Strike
1-2: Ball
2-2: Strikes out swinging
Batting: RHB Aaron Ware 0-0: Called Strike
0-1: Foul Ball, location: 2F
0-2: Ball
1-2: Foul Ball, location: 2F
1-2: Strikes out swinging
Top of the 8th over - 0 runs, 0 hits, 0 errors, 0 left on base; Hickory 3 - Beloit 5
BOTTOM OF THE 8TH
Beloit Snappers batting - Pitching for Hickory Crawdads : RHP Taylor Drews
Now in LF: Alfonso Collazo
Batting: RHB Shannon Beck 0-0: Ball
1-0: Swinging Strike
1-1: Ball
2-1: Foul Ball, location: 2F
2-2: Foul Ball, location: 2F
2-2: SOLO HOME RUN (Flyball, 7D, EV 96.2 MPH), Distance : 358 ft
Batting: RHB Roger Simmons 0-0: Ball
1-0: Hit by Pitch
Batting: RHB Travis Robinson 0-0: Fly out, F7 (Flyball, 7S, EV 78.8 MPH)
Batting: RHB Manny Moron 0-0: Called Strike
0-1: Foul Ball, location: 2F
0-2: Strikes out looking
Batting: SHB Eric Tiehen 0-0: SINGLE (Groundball, 34D, EV 100.0 MPH)
Roger Simmons to second
Runner from 2nd tries for 3rd, SAFE, throw by RF made to third
Batting: RHB Josh Mauer 0-0: Called Strike
0-1: Ball
1-1: Fielders Choice at 2nd, 6-4 (Groundball, 56, EV 84.4 MPH)
Bottom of the 8th over - 1 run, 2 hits, 0 errors, 2 left on base; Hickory 3 - Beloit 6
TOP OF THE 9TH
Hickory Crawdads batting - Pitching for Beloit Snappers : RHP Terry Evans
Pitching: RHP Ben Jennings
Batting: RHB Dale Aubrey 0-0: Ball
1-0: Ball
2-0: Foul Ball, location: 2F
2-1: Fly out, F8 (Flyball, 8LXD, EV 100.6 MPH)
Batting: LHB Justin Barker 0-0: Called Strike
0-1: Fly out, F6 (Flyball, 6MD, EV 88.1 MPH)
Batting: RHB Isaiah Yarbrough 0-0: Ball
1-0: Ground out 6-3 (Groundball, 6, EV 97.5 MPH)
Top of the 9th over - 0 runs, 0 hits, 0 errors, 0 left on base; Hickory 3 - Beloit 6
Thursday, December 15th , 2022 - OOTP Baseball 23.9 Build 102